 Dungeon Crawl Stone Soup version 0.30-b1-2-g02819fbbbe (webtiles) character file.

Game seed: 4636358718451313023

318 Alarkh the Trooper (level 6, 53/53 HPs)
             Began as a Demonspawn Artificer on Nov 24, 2023.
             Got out of the dungeon alive.
             The game lasted 00:02:49 (2068 turns).

Alarkh the Trooper (Demonspawn Artificer)           Turns: 2068, Time: 00:02:50

Health: 53/53      AC:  6    Str: 12    XL:     6   Next: 21%
Magic:  6/6        EV: 11    Int: 14    God:
Gold:   150        SH:  0    Dex: 14    Spells: 5/5 levels left

rFire   + . .        a - +1 dagger (speed)
rCold   + . .        (no shield)
rNeg    . . .        b - +0 leather armour
rPois   +            k - +2 helmet
rElec   .            r - scarf {rC+ rF+}
rCorr   .            (no gloves)
SInv    .            (no boots)
Will    .....        (no amulet)
Stlth   +            h - ring of poison resistance
HPRegen 0.28/turn    (no ring)
MPRegen 0.10/turn

%: no passive effects
@: no status effects
A: hooves 1, spiny 2
a: no special abilities


You escaped.
You visited 1 branch of the dungeon, and saw 3 of its levels.

You collected 150 gold pieces.

Inventory:

Hand Weapons
 a - a +1 dagger of speed (weapon)
 m - a +0 short sword
 p - a +0 rapier
Missiles
 q - 5 poisoned darts
Armour
 b - a +0 leather armour (worn)
 k - a +2 helmet (worn)
 o - the +0 leather armour of the Garden {Drain rElec Str+2 Int+9}
   (You found it on level 2 of the Dungeon)

   Str:       It affects your strength (+2).
   Int:       It affects your intelligence (+9).
   rElec:     It insulates you from electricity.
   Drain:     It drains your maximum health when unequipped.
 r - a scarf of resistance (worn)
Magical Staves
 x - a staff of air
Jewellery
 h - a ring of poison resistance (left hand)
 u - an amulet of magic regeneration
Wands
 c - a wand of flame (10) (quivered)
 d - a wand of charming (15)
 e - a wand of iceblast (5)
Scrolls
 i - 2 scrolls of teleportation
 n - a scroll of immolation {unknown}
 t - a scroll of magic mapping {unknown}
 v - a scroll of enchant armour {unknown}
 w - a scroll of noise {unknown}
Potions
 f - 2 potions of mutation {unknown}
 g - 2 potions of flight {unknown}
 j - a potion of lignification {unknown}
 l - a potion of degeneration {unknown}
 s - a potion of invisibility {unknown}


   Skills:
 + Level 6.3 Fighting
 - Level 1.7 Armour
 - Level 0.8 Dodging
 - Level 0.8 Stealth
 - Level 3.0 Evocations


You had 5 spell levels left.
You didn't know any spells.
Your spell library was empty.

Dungeon Overview and Level Annotations

Branches:
Dungeon (3/15)

Altars:
Trog

Shops:
D:2 [[?


Innate Abilities, Weirdness & Mutations

You have large cloven feet.
You are mostly covered in sharp spines.


Message History

You hit the orc but do no damage. Your kick misses the orc.
You punch the orc, but do no damage.
The orc is severely wounded.
The orc is struck by your spines. The orc misses you.
You barely miss the orc. You kick the orc, but do no damage.
The orc is almost dead.
You hit the orc but do no damage. You kick the orc, but do no damage.
The orc is almost dead.
The orc hits you but does no damage.
You hit the orc but do no damage. You kick the orc, but do no damage.
The orc is almost dead.
The orc hits you but does no damage.
You closely miss the orc.
The orc is almost dead.
You hit the orc but do no damage. You kick the orc.
You kill the orc!
(D) Dungeon
Where to? (Enter - D:3, ? - help)
What level of the Dungeon? (default 1, ? - help)
There is a stone staircase leading up here.
You climb upwards.
There is a stone staircase leading down here.
You see here a +0 whip.
The kobold shouts!
The kobold throws a stone.
The stone hits you.
You hit the kobold.
You kill the kobold!
No target in view!
(D) Dungeon
Where to? (Enter - D:1, ? - help)
There is a stone staircase leading up here.
You climb upwards.
There is a stone staircase leading down here.
HP restored.
There is an open door here.
There is an open door here.
There is an open door here.
There is a staircase leading out of the dungeon here.
Are you sure you want to leave the Dungeon?
This will make you lose the game!
You have escaped!

##### ######.@.######
##########.............###
......##.................###
####...'.................'.# ##
#.###.)...............#.#
.###.#####.............###.# #
.........###.........####..######
...#.##### ###.....###...........
..##.# ###.........####.#######


There were no monsters in sight!

Vanquished Creatures
  Sigmund (D:2)
  2 orc priests (D:3)
  Jessica (D:2)
  2 adders (D:2)
  A worm (D:2)
  3 dart slugs
  4 orcs (D:3)
  8 bats
  4 endoplasms
  A giant cockroach (D:1)
  6 goblins
  7 hobgoblins
  2 jackals (D:1)
  3 quokkas
  6 ball pythons
  A frilled lizard (D:2)
  4 kobolds
  3 rats
59 creatures vanquished.

Vanquished Creatures (others)
  A wizard (D:3)
1 creature vanquished.

Grand Total: 60 creatures vanquished

Notes
Turn   | Place    | Note
-------+----------+-------------------------------------------
     0 | D:1      | Alarkh the Demonspawn Artificer began the quest for the
                  | Orb.
     0 | D:1      | Reached XP level 1. HP: 15/15 MP: 1/1
   270 | D:1      | Reached skill level 2 in Fighting
   278 | D:1      | Gained mutation: You are partially covered in sharp spines.
                  | [demonic ancestry]
   278 | D:1      | Reached XP level 2. HP: 3/22 MP: 2/2
   684 | D:1      | Reached skill level 3 in Fighting
   791 | D:1      | Reached XP level 3. HP: 27/29 MP: 3/3
  1085 | D:2      | Identified the +0 leather armour of the Garden {Drain rElec
                  | Str+2 Int+9}
  1134 | D:2      | Found Nachu's Antique Armour Shop.
  1145 | D:2      | Noticed Jessica
  1159 | D:2      | Killed Jessica
  1160 | D:2      | Reached skill level 4 in Fighting
  1160 | D:2      | Reached XP level 4. HP: 15/37 MP: 4/4
  1166 | D:2      | Noticed Sigmund
  1235 | D:2      | Killed Sigmund
  1236 | D:2      | Reached skill level 5 in Fighting
  1236 | D:2      | Gained mutation: You are mostly covered in sharp spines.
                  | [demonic ancestry]
  1236 | D:2      | Reached XP level 5. HP: 37/46 MP: 5/5
  1292 | D:2      | Found Vataung's Armour Shoppe.
  1339 | D:2      | Found Ereud's Magic Scroll Shoppe.
  1734 | D:3      | Found a faded altar of an unknown god.
  1803 | D:3      | Reached skill level 6 in Fighting
  1858 | D:3      | Found a bloodstained altar of Trog.
  1859 | D:3      | Noticed a wizard
  1864 | D:3      | Killed a wizard
  1944 | D:3      | Gained mutation: You have large cloven feet. [demonic
                  | ancestry]
  1944 | D:3      | Reached XP level 6. HP: 36/52 MP: 6/6
  2068 | D:$      | Got out of the dungeon alive.

Illustrated notes

Levels and vault maps discovered:
D:1:      nzn_arrival_depleted_hourglass, layout_loops_corners,
          minmay_surrounded
D:2:      layout_basic, serial_shops, shop, nicolae_shop_stone, shop,
          uniq_sigmund, uniq_jessica
D:3:      layout_loops_ring, trog_wizard, ebering_ecumenical_altar_rust,
          chequers_serial_rivers_micro_c, minmay_misc_feat_hallway,
          minivault_24, uniq_crazy_yiuf_cottage

Skill      XL: |  1  2  3  4  5 |
---------------+----------------+-----
Fighting       | 2 3 4 5 6 |  6.3
Armour         | |  1.7
Dodging        | |  0.8
Stealth        | |  0.8
Evocations     | |  3.0

Action                     |  1- 3 |  4- 6 || total
---------------------------+-------+-------++-------
  Melee: Short sword       |    44 |       ||    44
         Club              |    12 |       ||    12
         Punch             |     1 |     2 ||     3
         Dagger            |    25 |    62 ||    87
         Rapier            |     7 |       ||     7
         Kick              |       |     8 ||     8
  Throw: Dart              |       |     1 ||     1
  Evoke: Wand              |     4 |     1 ||     5
    Use: Scroll            |     1 |       ||     1
   Stab: Sleeping          |     2 |     1 ||     3
 Armour: Leather armour    |    27 |    16 ||    43
  Dodge: Dodged            |    48 |    14 ||    62
